 Dungeon Crawl Stone Soup version 0.31.0-32-g396128a36d (webtiles) character file.

Game seed: 2512781974179068271

11 CaptainMV the Caller (level 2, 0/19 HPs)
             Began as a Demonspawn Wanderer on Apr 17, 2024.
             Slain by a ribbon worm (6 damage)
             ... on level 2 of the Dungeon.
             The game lasted 00:03:06 (508 turns).

CaptainMV the Caller (Demonspawn Wanderer)           Turns: 508, Time: 00:03:06

Health: 0/19       AC:  2    Str: 12    XL:     2   Next: 13%
Magic:  3/3        EV: 11    Int: 16    God:
Gold:   46         SH:  0    Dex:  8    Spells: 2/3 levels left

rFire   . . .        a - +0 dagger
rCold   . . .        (no shield)
rNeg    . . .        d - +0 robe
rPois   .            (helmet restricted)
rElec   .            (no cloak)
rCorr   .            (no gloves)
SInv    .            (no boots)
Will    .....        (no amulet)
Stlth   +            (no ring)
HPRegen 0.23/turn    (no ring)
MPRegen 0.08/turn

%: no passive effects
@: no status effects
A: antennae 1
a: no special abilities


You were on level 2 of the Dungeon.
You visited 1 branch of the dungeon, and saw 2 of its levels.

You collected 46 gold pieces.

Inventory:

Hand Weapons
 a - a +0 dagger (weapon)
Missiles
 b - 9 boomerangs (quivered)
Armour
 d - a +0 robe (worn)
Scrolls
 e - a scroll of fear {unknown}
 f - a scroll of summoning {unknown}
 g - a scroll of identify {unknown}
 h - a scroll of teleportation {unknown}
 i - a scroll of blinking {unknown}
Potions
 c - a potion of attraction
 j - 2 potions of enlightenment {unknown}


   Skills:
 + Level 0.3 Short Blades
 + Level 1.7 Throwing
 + Level 1.0 Stealth
 + Level 1.0 Spellcasting
 + Level 2.2 Hexes
 + Level 4.3 Summonings


You had 2 spell levels left.
You knew the following spells:

 Your Spells              Type           Power      Damage    Failure   Level
a - Slow                  Hex            28%        N/A       10%         1

Your spell library contained the following spells:

 Spells                   Type           Power      Damage    Failure   Level
 Summon Small Mammal      Summ           56%        N/A       3%          1
 Sandblast                Erth           0%         2d4       22%         1
 Ensorcelled Hibernation  Hex/Ice        8%         N/A       22%         2
 Summon Ice Beast         Ice/Summ       7%         N/A       28%         3
 Inner Flame              Hex/Fire       4%         N/A       41%         3
 Passwall                 Erth           0%         N/A       56%         3
 Stone Arrow              Conj/Erth      0%         3d7       56%         3
 Brom's Barrelling Bould  Conj/Erth      0%         2d3       92%         4


Dungeon Overview and Level Annotations

Branches:
Dungeon (2/15)

Altars:


Innate Abilities, Weirdness & Mutations

You have a pair of small antennae on your head.


Message History

The ribbon worm closely misses you.
You closely miss the giant cockroach. The giant cockroach barely misses you.
The ribbon worm bites you but does no damage.
You hit the giant cockroach but do no damage.
The giant cockroach bites you but does no damage.
The giant cockroach barely misses you. The ribbon worm bites you.
You barely miss the giant cockroach. The giant cockroach misses you.
You hit the giant cockroach.
The giant cockroach is moderately wounded.
The ribbon worm bites you but does no damage.
The giant cockroach closely misses you.
You closely miss the giant cockroach.
The giant cockroach is moderately wounded.
The giant cockroach closely misses you. The ribbon worm barely misses you.
You barely miss the giant cockroach.
The giant cockroach bites you but does no damage.
The ribbon worm barely misses you.
You hit the giant cockroach.
The giant cockroach is severely wounded.
The giant cockroach misses you. The giant cockroach bites you.
The ribbon worm bites you.
You hit the giant cockroach.
You kill the giant cockroach!
The ribbon worm attacks as it pursues you!
The ribbon worm closely misses you.
You hit the ribbon worm.
The ribbon worm is lightly wounded.
The ribbon worm bites you.
You hit the ribbon worm.
The ribbon worm is lightly wounded.
The ribbon worm closely misses you.
You barely miss the ribbon worm.
The ribbon worm is lightly wounded.
You hit the ribbon worm.
The ribbon worm is lightly wounded.
The ribbon worm bites you.
You hit the ribbon worm.
The ribbon worm is lightly wounded.
The ribbon worm bites you.
You die...

...#. ...#.##
.......##########
................#
..............##..
#................
#........<...#
#...@w.......+
#....).......#
#.#######....# #
#.#### #.# .?# ##.
.


You could see a ribbon worm.

Vanquished Creatures
  2 endoplasms (D:1)
  A giant cockroach (D:2)
  2 goblins
  A hobgoblin (D:1)
  A ball python (D:1)
  A frilled lizard (D:1)
  2 rats (D:1)
10 creatures vanquished.

Notes
Turn   | Place    | Note
-------+----------+-------------------------------------------
     0 | D:1      | CaptainMV the Demonspawn Wanderer began the quest for the
                  | Orb.
     0 | D:1      | CaptainMV set off with the following items: a +0 dagger, 9
                  | boomerangs, a potion of attraction, a +0 robe; and the
                  | following spells available to memorise: Summon Small
                  | Mammal, Slow, Ensorcelled Hibernation, Summon Ice Beast,
                  | Inner Flame.
     0 | D:1      | Reached XP level 1. HP: 13/13 MP: 2/2
     3 | D:1      | Learned a level 1 spell: Slow
   401 | D:1      | Gained mutation: You have a pair of small antennae on your
                  | head. [demonic ancestry]
   401 | D:1      | Reached XP level 2. HP: 11/19 MP: 1/3
   508 | D:2      | Slain by a ribbon worm

Illustrated notes

Levels and vault maps discovered:
D:1:      erik_arrival_orb_chamber, layout_basic, minmay_split_cup_small
D:2:      layout_basic, basic_altar, st_stairs_12

Action                     || total
---------------------------++-------
  Melee: Dagger            ||    69
         Punch             ||     1
   Cast: Slow              ||     4
 Armour: Robe              ||    32
  Dodge: Dodged            ||    40
